 Dungeon Crawl Stone Soup version 0.24.0-37-gcf1ca852f1 (webtiles) character file.

Game seed: 6974449023300257252, levelgen mode: deterministic

11575 Delarado the Grappler (level 11, -2/75 HPs)
             Began as an Octopode Fighter on Nov 24, 2019.
             Was a High Priest of Cheibriados.
             Slain by an unseen horror (3 damage)
             ... on level 11 of the Dungeon.
             The game lasted 00:33:48 (13558 turns).

Delarado the Grappler (Octopode Fighter)           Turns: 13558, Time: 00:33:49

Health: -2/75      AC:  1    Str: 29    XL:     11   Next: 79%
Magic:  16/16      EV: 18    Int: 22    God:    Cheibriados [*****.]
Gold:   251        SH: 17    Dex: 23    Spells: 7/10 levels left

rFire    . . .     SeeInvis .     - Unarmed
rCold    . . .     Gourm    .   a - +0 shield
rNeg     . . .     Faith    .   (helmet restricted)
rPois    .         Spirit   .   m - +4 amulet of reflection
rElec    .         Reflect  +   r - ring of wizardry
rCorr    .         Harm     .   E - ring of stealth
MR       .....                  (no ring)
Stlth    ++++......             (no ring)
HPRegen  0.22/turn              (no ring)
MPRegen  0.15/turn              (no ring)
                                (no ring)
                                (no ring)

@: very slow
A: almost no armour, stealthy swim, amphibious, 8 rings, constrict 8, camouflage
1, gelatinous body 1
a: Bend Time, Temporal Distortion, Slouch, Step From Time, Renounce Religion


You were on level 11 of the Dungeon.
You worshipped Cheibriados.
Cheibriados was extremely pleased with you.
You were not hungry.

You visited 1 branch of the dungeon, and saw 11 of its levels.

You collected 473 gold pieces.
You spent 222 gold pieces at shops.

Inventory:

Missiles
 e - 209 stones
 v - 20 poisoned darts (quivered)
 I - 4 boomerangs
 M - 6 javelins
Armour
 a - a +0 shield (worn)
Jewellery
 m - a +4 amulet of reflection (around mantle)
 r - a ring of wizardry (left tentacle)
 E - a ring of stealth (right tentacle)
Wands
 t - a wand of flame (18)
 K - a wand of iceblast (9)
 L - a wand of paralysis (8)
Scrolls
 d - 7 scrolls of fog
 f - a scroll of enchant armour
 g - 5 scrolls of remove curse
 j - 4 scrolls of teleportation
 k - 4 scrolls of immolation
 o - 3 scrolls of identify
 u - 2 scrolls of amnesia
 w - a scroll of summoning
 x - a scroll of fear
 y - a scroll of blinking
 B - a scroll of enchant weapon
 C - a scroll of magic mapping {unknown}
 D - a scroll of random uselessness {unknown}
 G - a scroll of torment {unknown}
Potions
 b - a potion of might
 h - a potion of magic
 i - 4 potions of curing
 l - 2 potions of flight
 n - a potion of haste
 p - 5 potions of brilliance {unknown}
 q - a potion of agility
 s - 4 potions of resistance
 A - 2 potions of lignification
 F - 2 potions of ambrosia {unknown}
 H - a potion of heal wounds {unknown}
 J - a potion of cancellation {unknown}
Comestibles
 c - 15 rations


   Skills:
 + Level 7.1 Fighting
 + Level 7.0 Dodging
 - Level 8.7 Shields
 - Level 10.0 Unarmed Combat
 - Level 5.3 Charms
 - Level 5.3 Ice Magic
 + Level 6.8 Invocations


You had 7 spell levels left.
You knew the following spells:

 Your Spells              Type           Power        Failure   Level  Hunger
a - Ozocubu's Armour      Chrm/Ice       ###.....     4%          3    ####...

Your spell library contained the following spells:

 Spells                   Type           Power        Failure   Level  Hunger
 Freeze                   Ice            ###.         1%          1    ##.....
 Throw Frost              Conj/Ice       ##....       8%          2    ###....
 Animate Skeleton         Necr           N/A          16%         1    ##.....
 Apportation              Tloc           #.....       16%         1    ##.....
 Confusing Touch          Hex            #.....       16%         1    ##.....
 Summon Small Mammal      Summ           #...         16%         1    ##.....
 Summon Ice Beast         Ice/Summ       ##......     43%         4    #####..
 Throw Icicle             Conj/Ice       ##......     43%         4    #####..


Dungeon Overview and Level Annotations

Branches:
Dungeon (11/15)              Lair (0/6) D:11            Orc (0/2) D:9
 Temple: D:4-7

Altars:
Ashenzari
Cheibriados
Gozag
Hepliaklqana
Kikubaaqudgha
Makhleb
Nemelex Xobeh
Ru
Trog
Uskayaw
Vehumet
Xom
Zin
The Shining One
Beogh

Shops:
D:6 ?


Innate Abilities, Weirdness & Mutations

You cannot wear most types of armour.
You are very stealthy in the water. (Stealth+)
You are amphibious.
You can wear up to eight rings at the same time.
You can use your tentacles to constrict eight enemies at once.
Your skin changes colour to match your surroundings (Stealth+).
Your rubbery body absorbs attacks. (AC +1, EV +1)


Message History

Deactivating autopickup; reactivate with Ctrl-A.
You block something's attack. Something hits you! Something hits you.
Something barely misses you. Something barely misses you.
Something hits you. x2
Throwing (i - inventory. (/) - cycle)
v - 20 poisoned darts (quivered)
Press: ? - help, Shift-Dir - straight line, f - you
Okay, then.
You block something's attack. Something hits you! Something barely misses you.
You block something's attack. Something hits you! Something closely misses you.
Something hits you. Something hits you!
* * * LOW HITPOINT WARNING * * *
Something hits you.
* * * LOW HITPOINT WARNING * * *
Something hits you!
* * * LOW HITPOINT WARNING * * *
Something hits you.
You die...

#.# #># ..
#.###..# #.^....#
#.###### #.# #.#
#.###############
#..............@#
###############.#
. #.#####...#
#........#
#########.#


There were no monsters in sight!

Vanquished Creatures
  Erolcha (D:10)
  Urug (D:10)
  Pikel (D:8)
  An ugly thing (D:11)
  A manticore (D:11)
  Maurice (D:10)
  A komodo dragon (D:10)
  2 trolls (D:9)
  2 hippogriffs
  3 wraiths
  6 yaks (D:11)
  A wyvern (D:8)
  2 hungry ghosts
  An acid dragon (D:11)
  Menkaure (D:4)
  7 orc warriors
  3 ice beasts
  6 sky beasts
  2 ogres
  2 phantoms
  A crocodile (D:10)
  5 centaurs
  5 big kobolds
  2 bullfrogs
  A gnoll sergeant (D:11)
  A wyvern skeleton (D:6)
  4 scorpions
  5 killer bees (D:10)
  6 howler monkeys
  5 crimson imps
  3 bullfrog zombies
  A quasit (D:10)
  3 jellies
  5 orc priests
  2 hounds
  3 bullfrog skeletons
  5 orc wizards
  4 centaur skeletons
  3 iguanas
  Terence (D:3)
  Jessica (D:2)
  11 worker ants
  A killer bee zombie (D:8)
  A hound zombie (D:5)
  3 hound skeletons
  2 worker ant zombies
  A howler monkey skeleton (D:3)
  Robin (D:4)
  9 adders
  9 gnolls
  2 shadow imps
  3 oozes
  An adder skeleton (D:7)
  4 worms
  A dart slug (D:1)
  9 leopard geckos
  36 orcs
  2 bats
  3 giant cockroaches
  16 goblins
  9 hobgoblins
  11 jackals
  4 quokkas
  5 ball pythons
  5 frilled lizards
  21 kobolds
  9 rats
290 creatures vanquished.

Vanquished Creatures (others)
  2 centaurs
  2 kobolds (D:10)
  A plant (D:5)
5 creatures vanquished.

Grand Total: 295 creatures vanquished

Notes
Turn   | Place    | Note
-------+----------+-------------------------------------------
     0 | D:1      | Delarado the Octopode Fighter began the quest for the Orb.
     0 | D:1      | Reached XP level 1. HP: 16/16 MP: 1/1
    78 | D:1      | Reached XP level 2. HP: 21/21 MP: 2/2
   402 | D:1      | Reached skill level 3 in Unarmed Combat
   574 | D:1      | Reached XP level 3. HP: 26/26 MP: 3/3
  1370 | D:2      | Reached skill level 4 in Unarmed Combat
  1401 | D:2      | Reached XP level 4. HP: 31/31 MP: 4/4
  1617 | D:2      | Noticed Jessica
  1623 | D:2      | Killed Jessica
  1867 | D:2      | Reached skill level 5 in Unarmed Combat
  2167 | D:2      | Reached XP level 5. HP: 28/36 MP: 5/5
  2616 | D:3      | Noticed Terence
  2627 | D:3      | Killed Terence
  2733 | D:3      | Found a glowing golden altar of the Shining One.
  3190 | D:3      | Found a sacrificial altar of Ru.
  3281 | D:4      | Reached skill level 6 in Unarmed Combat
  3281 | D:4      | Reached XP level 6. HP: 41/42 MP: 6/6
  3305 | D:4      | Found a shimmering altar of Xom.
  3347 | D:4      | Noticed an ice beast
  3373 | D:4      | Killed an ice beast
  3578 | D:4      | Noticed Robin
  3586 | D:4      | Killed Robin
  3600 | D:4      | Noticed Menkaure
  3603 | D:4      | Killed Menkaure
  3603 | D:4      | Reached skill level 7 in Unarmed Combat
  3603 | D:4      | Reached XP level 7. HP: 23/46 MP: 7/7
  4224 | D:4      | Reached skill level 8 in Unarmed Combat
  4441 | D:4      | You fall into a shaft and drop 1 floor!
  4441 | D:5      | Entered Level 5 of the Dungeon
  4883 | D:5      | Reached skill level 9 in Unarmed Combat
  4906 | D:5      | Reached XP level 8. HP: 42/52 MP: 8/8
  5274 | D:5      | Found a hide-covered altar of Uskayaw.
  5274 | D:5      | Noticed a +0 dagger
  5274 | D:5      | Noticed a +0 hand axe
  6203 | D:6      | Reached skill level 10 in Unarmed Combat
  6264 | D:6      | Found Cill's Magic Scroll Shoppe.
  6275 | D:6      | Reached skill level 5 in Shields
  6439 | D:6      | Bought a scroll of enchant armour for 90 gold pieces
  6439 | D:6      | Bought a scroll of fear for 42 gold pieces
  6439 | D:6      | Bought a scroll of blinking for 90 gold pieces
  6708 | D:6      | Reached XP level 9. HP: 56/56 MP: 9/9
  6750 | D:6      | Found a snail-covered altar of Cheibriados.
  6754 | D:6      | Became a worshipper of Cheibriados the Contemplative
  6763 | D:6      | Found an ancient bone altar of Kikubaaqudgha.
  6792 | D:6      | Found a sparkling altar of Nemelex Xobeh.
  7691 | D:7      | Found a hazy altar of Hepliaklqana.
  7705 | D:7      | Reached * piety under Cheibriados
  7824 | D:7      | Found an opulent altar of Gozag.
  8131 | D:8      | Found a bloodstained altar of Trog.
  8232 | D:8      | Learned a level 3 spell: Ozocubu's Armour
  8472 | D:8      | Found a glowing silver altar of Zin.
  8510 | D:8      | Reached skill level 1 in Charms
  8510 | D:8      | Reached skill level 1 in Ice Magic
  8780 | D:8      | Noticed Pikel
  8843 | D:8      | Killed Pikel
  8843 | D:8      | Reached XP level 10. HP: 63/63 MP: 10/10
  9510 | D:9      | Reached ** piety under Cheibriados
  9841 | D:9      | Reached skill level 5 in Charms
  9857 | D:9      | Reached skill level 5 in Ice Magic
  9860 | D:9      | Found a roughly hewn altar of Beogh.
  9860 | D:9      | Found a staircase to the Orcish Mines.
  9993 | D:9      | Found a radiant altar of Vehumet.
 10056 | D:9      | Found a burning altar of Makhleb.
 10124 | D:9      | Found a shattered altar of Ashenzari.
 10172 | D:9      | Reached skill level 1 in Invocations
 10539 | D:9      | Reached *** piety under Cheibriados
 10940 | D:10     | Entered Level 10 of the Dungeon
 11038 | D:10     | Noticed Urug
 11049 | D:10     | Killed Urug
 11260 | D:10     | Reached XP level 11. HP: 42/70 MP: 12/14
 11453 | D:10     | Reached skill level 5 in Fighting
 11453 | D:10     | Reached skill level 5 in Dodging
 11591 | D:10     | Reached **** piety under Cheibriados
 12048 | D:10     | Noticed Maurice
 12056 | D:10     | Killed Maurice
 12073 | D:10     | Noticed Erolcha
 12176 | D:10     | Reached skill level 5 in Invocations
 12309 | D:10     | Killed Erolcha
 12648 | D:11     | Noticed a manticore
 12657 | D:11     | Killed a manticore
 12749 | D:11     | Noticed a green ugly thing
 12770 | D:11     | Killed a green ugly thing
 12831 | D:11     | Reached ***** piety under Cheibriados
 13104 | D:11     | Found a staircase to the Lair.
 13143 | D:11     | Paralysed by a gnoll for 3 turns
 13558 | D:11     | HP: 1/75 [something (9)]
 13558 | D:11     | Slain by an unseen horror

Levels and vault maps discovered:
D:1:      dpeg_arrival_rhombus, layout_loops_corners, serial_glass,
          glass_columns_b, glass_columns_b, minmay_octomino_j4
D:2:      minmay_general_purpose_star, layout_basic, first_ration, uniq_jessica
D:3:      minmay_chambers_of_twos, layout_rooms, tso_metal_star,
          nicolae_ru_the_path_less_chosen, uniq_terence
D:4:      layout_cave_pools, minmay_temple_entry_poolview, tgw_xom, uniq_robin,
          uniq_menkaure
D:5:      layout_cave_pools, dancing_weapons_uskayaw, serial_bayou_lagoon_a,
          dk_noncrumbling_3
D:6:      layout_cave_pools, nicolae_overflow_crystal_walls,
          amethyst_overflow_temple_binary, serial_shops, shop, chequers_garden,
          chequers_hall_statues_wall_a, hangedman_abyss_or_decor_slice,
          roderic_lattice_a, st_stairs_13, dk_rats_in_the_wall
D:7:      layout_rooms, grunt_temple_overflow_open
D:8:      layout_basic, zin_scriptorium, overflow_temple_1_default, uniq_pikel
D:9:      layout_roguey, ashenzari_altar_1, kennysheep_mini_moat,
          kennysheep_mini, david_orc_5
D:10:     layout_gridville, uniq_urug, uniq_maurice, uniq_erolcha
D:11:     layout_loops_ring, lair_entry_dummy, minmay_quadrilaterals

Skill      XL: |  1  2  3  4  5  6  7  8  9 10 11 |
---------------+----------------------------------+-----
Unarmed Combat | 3 4 5 6 7 9 10 | 10.0
Shields        | 6 8 |  8.7
Charms         | 3 5 |  5.3
Ice Magic      | 3 5 |  5.3
Invocations    | 4 6 |  6.8
Fighting       | 4 7 |  7.1
Dodging        | 4 7 |  7.0

Action                   |  1- 3 |  4- 6 |  7- 9 | 10-12 || total
-------------------------+-------+-------+-------+-------++-------
Melee: Unarmed           |    38 |    80 |   245 |   282 ||   645
       Constrict         |    17 |    21 |    58 |    48 ||   144
       Tentacles         |     8 |    17 |    58 |    87 ||   170
       Punch             |     2 |     5 |    23 |    37 ||    67
Throw: Stone             |    17 |       |   134 |    74 ||   225
       Boomerang         |    14 |   102 |     9 |    36 ||   161
       Javelin           |       |       |       |    33 ||    33
       Dart              |       |       |       |     5 ||     5
 Cast: Ozocubu's Armour  |       |       |       |     4 ||     4
  Use: Potion            |       |     1 |     1 |     2 ||     4
       Scroll            |       |       |    10 |     2 ||    12
 Stab: Sleeping          |       |     1 |       |     5 ||     6
       Distracted        |       |       |     1 |     1 ||     2
  Eat: Chunk             |     1 |     7 |    15 |     7 ||    30
       Ration            |       |       |       |     1 ||     1
Armor: Skin              |     1 |     3 |     6 |     5 ||    15
Dodge: Dodged            |     7 |    19 |    50 |    92 ||   168
Block: Shield            |    13 |    31 |   124 |   186 ||   354
       Reflection        |       |     2 |    10 |    17 ||    29
